 Dungeon Crawl Stone Soup version 0.17.1-1-g73c8601 (console) character file.

12018 Kloppie the Basher (level 11, -2/99 HPs)
             Began as a Green Draconian Fighter on Dec 18, 2015.
             Was an Elder of Makhleb.
             Killed from afar by a fire dragon (48 damage)
             ... with a blast of flame
             ... on level 13 of the Dungeon.
             The game lasted 00:23:02 (13741 turns).

Kloppie the Basher (Green Draconian Fighter)       Turns: 13741, Time: 00:23:02

Health: -2/99      AC: 11    Str: 20    XL:     11   Next: 56%
Magic:  11/11      EV: 14    Int: 14    God:    Makhleb [****..]
Gold:   263        SH:  9    Dex: 12    Spells: 0 memorised, 10 levels left

rFire  . . .     SeeInvis .     a - +0 flail (crush)
rCold  . . .     Clarity  .     (armour unavailable)
rNeg   + . .     SustAt   .     b - +0 shield
rPois  +         Gourm    .     (helmet restricted)
rElec  .         Spirit   .     O - +0 cloak
rCorr  .         Warding  .     K - +0 pair of gloves
rMut   .         Stasis   .     m - +1 pair of boots
MR     .....                    H - amulet of rage
Stlth  +.........               l - +5 ring of intelligence
                                P - ring of positive energy

@: not resistant to hostile enchantments, very unstealthy
A: breathe noxious fumes, unfitting armour, poison resistance, cold-blooded, AC
+7
a: Breathe Noxious Fumes, Minor Destruction, Lesser Servant of Makhleb, Major
Destruction, Renounce Religion, Evoke Berserk Rage


You were on level 13 of the Dungeon.
You worshipped Makhleb.
Makhleb was greatly pleased with you.
You were not hungry.

You visited 2 branches of the dungeon, and saw 14 of its levels.

You collected 541 gold pieces.
You spent 278 gold pieces at shops.

Inventory:

Hand Weapons
 a - a +0 flail of crushing (weapon)
Armour
 b - a +0 shield (worn)
 m - a +1 pair of boots (worn)
 K - a +0 pair of gloves (worn)
 O - a +0 cloak (worn)
Jewellery
 e - the ring "Sogel" {-Tele +Fly rPois MR+ Dex+2}
   (You found it on level 8 of the Dungeon)

   [ring of protection from magic]

   It affects your dexterity (+2).
   It protects you from poison.
   It affects your resistance to hostile enchantments.
   It lets you fly.
   It prevents most forms of teleportation.
 l - a +5 ring of intelligence (right hand)
 n - an uncursed ring of sustain attributes
 x - an uncursed amulet of guardian spirit
 H - an amulet of rage (around neck)
 P - a ring of positive energy (left hand)
Wands
 u - a wand of digging (13)
 y - a wand of lightning (11)
 A - a wand of magic darts (25)
 F - a wand of frost (20)
 J - a wand of random effects (10)
 M - a wand of flame (22)
 N - a wand of lightning (7)
Scrolls
 f - 6 scrolls of remove curse
 h - 2 scrolls of blinking
 j - 4 scrolls of teleportation
 r - 2 scrolls of amnesia
 w - a scroll of magic mapping
 B - 2 scrolls of recharging
 G - 3 scrolls of enchant armour
Potions
 c - 2 potions of might
 g - 3 potions of resistance {unknown}
 i - a potion of invisibility
 k - 2 potions of mutation
 o - 2 potions of agility
 p - a potion of curing
 q - 2 potions of berserk rage
 t - 2 potions of brilliance
 C - 4 potions of magic {unknown}
 D - a potion of haste
 E - a potion of lignification
 I - 3 potions of ambrosia
 Q - a potion of flight
 R - 2 potions of heal wounds
Miscellaneous
 L - a lamp of fire
Comestibles
 d - 10 bread rations
 s - 2 chunks of flesh
 v - 9 fruits
 z - 9 meat rations
 S - a slice of pizza


   Skills:
 - Level 10.1 Fighting
 + Level 13.0 Maces & Flails
 + Level 9.5 Dodging
 - Level 3.0 Shields


You had 10 spell levels left.
You didn't know any spells.

Dungeon Overview and Level Annotations

Branches:
Dungeon (13/15)            Temple (1/1) D:4
   Lair: D:8-11         Orc: D:9-12      Vaults: D:13-14

Altars:
Ashenzari
Cheibriados
Dithmenos
Elyvilon
Fedhas
Gozag
Kikubaaqudgha
Makhleb
Nemelex Xobeh
Okawaru
Qazlal
Ru
Sif Muna
Trog
Vehumet
Xom
Yredelemnul
Zin
The Shining One

Shops:
D:4 ?   D:8 *   D:11 ?[%*%

Annotations:
D:11 Mandevil's ghost, journeyman OgAM


Innate Abilities, Weirdness & Mutations

You can breathe blasts of noxious fumes.
Your lurid green scales are hard (AC +7).
Your body does not fit into most forms of armour.
Your system is resistant to poisons.
You are cold-blooded and may be slowed by cold attacks.


Message History

You hit something but do no damage. You tail-slap something.
Something hits you!!
You barely miss something. You tail-slap something. Something hits you.
A fire dragon comes into view.
You hit something but do no damage. Something hits you but does no damage.
You closely miss something. You closely miss something. Something hits you!
The fire dragon breathes flames at you. The blast of flame hits you!
* * * LOW HITPOINT WARNING * * *
You hear two shouts!
You hear a shout!
The fire dragon breathes flames at you.
The blast of flame hits something.
Reactivating autopickup.
The blast of flame misses you. The fire dragon breathes flames at you.
The blast of flame misses you. The fire dragon breathes flames at you.
The blast of flame hits you!
You die...

#..#......#.# #.#
#..#.####.#.# #.#
#..#.# #.# #.#
#....# #.# #.#
#....#
#.####.##########
#....#
#................
#..#.#
#..##############
#..#.######..#
#.....D...@..#
##############


You could see a fire dragon.

Vanquished Creatures
  3 hill giants
  Pikel (D:8)
  A cyclops (D:8)
  A centaur zombie (D:12)
  An elephant (D:11)
  3 slime creatures
  A two-headed ogre (D:11)
  2 deep elf magi
  A spriggan (D:8)
  A trapdoor spider (D:12)
  7 yaks
  A steam dragon (D:10)
  Eustachio (D:6)
  3 hippogriffs
  A hungry ghost (D:8)
  A mottled dragon (D:13)
  A wasp (D:11)
  An ice beast (D:10)
  3 orc warriors
  A phantom (D:5)
  A necrophage (D:11)
  5 ogres
  3 sky beasts
  10 centaurs
  2 big kobolds
  A crocodile (D:8)
  Blork the orc (D:5)
  13 giant frogs
  2 wyvern skeletons
  2 scorpions
  7 killer bees
  6 wights
  6 crimson imps
  2 giant frog zombies
  2 iguanas
  A jelly (D:5)
  5 orc priests
  6 orc wizards
  9 hounds
  3 giant frog skeletons
  9 worker ants
  3 gnolls (D:2)
  13 adders
  4 shadow imps
  2 oozes
  An adder skeleton (D:7)
  4 adder zombies
  5 worms
  2 giant geckos
  16 orcs
  6 ball pythons
  5 bats
  6 hobgoblins
  9 jackals
  6 quokkas
  7 giant cockroaches
  8 giant newts
  14 goblins
  24 kobolds
  8 rats
274 creatures vanquished.

Vanquished Creatures (others)
  Snorg (D:13)
  A shadow wraith (D:13)
  A troll (D:13)
  2 slaves (D:8)
  A hound (D:7)
  A giant gecko (D:7)
  A giant cockroach (D:7)
  3 fungi (D:11)
  A plant (D:11)
12 creatures vanquished.

Grand Total: 286 creatures vanquished

Notes
Turn   | Place    | Note
--------------------------------------------------------------
     0 | D:1      | Kloppie the Draconian Fighter began the quest for the Orb.
     0 | D:1      | Reached XP level 1. HP: 19/19 MP: 1/1
   139 | D:1      | Reached XP level 2. HP: 1/26 MP: 2/2
  1165 | D:2      | Reached skill level 4 in Fighting
  1193 | D:2      | Reached XP level 3. HP: 31/33 MP: 3/3
  1347 | D:2      | Reached XP level 4. HP: 15/41 MP: 4/4
  1436 | D:2      | Found a glowing silver altar of Zin.
  1491 | D:2      | Found a basalt altar of Yredelemnul.
  1962 | D:3      | Reached skill level 5 in Fighting
  1962 | D:3      | Reached XP level 5. HP: 14/48 MP: 5/5
  2967 | D:4      | Reached XP level 6. HP: 30/57 MP: 2/6
  3164 | D:4      | Noticed a centaur
  3170 | D:4      | Killed a centaur
  3170 | D:4      | Reached skill level 6 in Fighting
  3170 | D:4      | Reached skill level 5 in Maces & Flails
  3230 | D:4      | Found a staircase to the Ecumenical Temple.
  3240 | Temple   | Entered the Ecumenical Temple
  3498 | Temple   | Became a worshipper of Makhleb the Destroyer
  3558 | D:4      | Found a snail-covered altar of Cheibriados.
  3617 | D:4      | Found Arhod's Magic Scroll Boutique.
  3633 | D:4      | Bought a scroll of identify for 20 gold pieces
  3633 | D:4      | Bought a scroll of teleportation for 30 gold pieces
  4215 | D:5      | Entered Level 5 of the Dungeon
  4314 | D:5      | Your scales start taking on a lurid green colour.
  4314 | D:5      | Gained mutation: Your system is resistant to poisons. [Green Draconian growth]
  4314 | D:5      | Reached XP level 7. HP: 43/64 MP: 5/7
  4386 | D:5      | Found a blossoming altar of Fedhas.
  4423 | D:5      | Reached skill level 7 in Fighting
  4700 | D:5      | Found an ancient bone altar of Kikubaaqudgha.
  4741 | D:5      | Noticed Blork the orc
  4755 | D:5      | Killed Blork the orc
  5340 | D:6      | Reached XP level 8. HP: 66/74 MP: 5/8
  5353 | D:6      | Found a radiant altar of Vehumet.
  5416 | D:6      | Reached skill level 8 in Fighting
  5692 | D:6      | Found a glowing golden altar of the Shining One.
  5702 | D:6      | Noticed Eustachio
  5721 | D:6      | Reached * piety under Makhleb
  5788 | D:6      | Killed Eustachio
  5788 | D:6      | Reached skill level 9 in Fighting
  6111 | D:6      | Found a deep blue altar of Sif Muna.
  6537 | D:7      | Found a shimmering altar of Xom.
  6537 | D:7      | Noticed a hill giant
  6575 | D:7      | Killed a hill giant
  6575 | D:7      | Reached skill level 10 in Fighting
  6575 | D:7      | Reached XP level 9. HP: 58/85 MP: 6/9
  7402 | D:8      | Reached ** piety under Makhleb
  7411 | D:8      | Noticed a cyclops
  7443 | D:8      | Killed a cyclops
  7443 | D:8      | Reached skill level 10 in Maces & Flails
  7602 | D:8      | Found Apoogib's Assorted Antiques.
  7626 | D:8      | Bought a scroll labeled LIJOF LOWILEP for 21 gold pieces
  7626 | D:8      | Bought a bubbling yellow potion for 18 gold pieces
  7626 | D:8      | Bought a golden potion for 18 gold pieces
  7626 | D:8      | Bought a scroll of identify for 42 gold pieces
  7692 | D:8      | Reached skill level 5 in Dodging
  7730 | D:8      | Noticed a hill giant
  7764 | D:8      | Killed a hill giant
  7764 | D:8      | Reached XP level 10. HP: 44/93 MP: 10/10
  8387 | D:8      | Noticed Pikel
  8417 | D:8      | Killed Pikel
  8417 | D:8      | Reached skill level 11 in Maces & Flails
  8723 | D:8      | Got a shimmering golden ring
  8725 | D:8      | HP: 1/93 [something (6)]
  9106 | D:9      | Identified the ring "Sogel" {-Tele +Fly rPois MR+ Dex+2} (You found it on level 8 of the Dungeon)
  9176 | D:9      | Reached *** piety under Makhleb
 10339 | D:10     | Entered Level 10 of the Dungeon
 11414 | D:10     | Reached skill level 12 in Maces & Flails
 11692 | D:9      | Reached XP level 11. HP: 99/99 MP: 11/11
 11741 | D:10     | Reached **** piety under Makhleb
 11819 | D:11     | Found Suit's Food Emporium.
 11884 | D:11     | Found Huicw's Food Emporium.
 12001 | D:11     | Found Kakykief's General Store.
 12082 | D:11     | Bought a scroll of identify for 30 gold pieces
 12419 | D:11     | Found Sukuh's Magic Scroll Emporium.
 12437 | D:11     | Found Apyr Bed's Antique Armour Emporium.
 12445 | D:11     | Bought a cloak for 99 gold pieces
 12454 | D:11     | Noticed Mandevil's ghost (journeyman OgAM)
 12490 | D:12     | Noticed a hill giant
 12672 | D:13     | Killed a hill giant
 12784 | D:13     | Killed Snorg
 13398 | D:13     | Reached skill level 13 in Maces & Flails
 13724 | D:13     | Noticed a fire dragon
 13729 | D:13     | Killed a shadow wraith
 13741 | D:13     | Killed from afar by a fire dragon

Action                   |  1- 3 |  4- 6 |  7- 9 | 10-12 || total
-------------------------+-------+-------+-------+-------++-------
Melee: Flail             |   101 |   198 |   364 |   563 ||  1226
 Abil: Breathe Noxious F |       |       |     8 |     4 ||    12
  Use: Potion            |     1 |       |     1 |     4 ||     6
       Scroll            |       |    12 |     4 |    11 ||    27
 Stab: Sleeping          |       |     2 |     1 |     1 ||     4
       Confused          |       |       |     3 |     1 ||     4
  Eat: Chunk             |     1 |     9 |    12 |    16 ||    38
       Pizza             |       |       |     1 |     1 ||     2
       Royal jelly       |       |       |     1 |     1 ||     2
       Beef jerky        |       |       |     1 |       ||     1
       Fruit             |       |       |       |     2 ||     2
